 Dungeon Crawl Stone Soup version 0.21.1-1-g345015fe64 (webtiles) character file.

35 KleinerIrrer the Shield-Bearer (level 3, -8/35 HPs)
             Began as a Gnoll Fighter on Mar 17, 2018.
             Mangled by an orc warrior
             ... wielding a +0 halberd
              (22 damage)
             ... on level 2 of the Dungeon.
             The game lasted 00:01:55 (1060 turns).

KleinerIrrer the Shield-Bearer (Gnoll Fighter)      Turns: 1060, Time: 00:01:58

Health: -8/35      AC:  9    Str: 19    XL:     3   Next: 35%
Magic:  4/4        EV:  8    Int: 10    God:
Gold:   66         SH: 10    Dex: 14    Spells: 3/3 levels left

rFire    . . .     SeeInvis .   a - +0 war axe
rCold    . . .     Gourm    .   c - +0 shield
rNeg     . . .     Faith    .   b - +0 scale mail
rPois    .         Spirit   .   j - +0 helmet
rElec    .         Reflect  .   (no cloak)
rCorr    +         Harm     .   (no gloves)
MR       .....                  (no boots)
Stlth    ..........             (no amulet)
HPRegen  0.11/turn              e - ring of resist corrosion
MPRegen  0.09/turn              (no ring)

@: no status effects
A: distributed training, fangs 1, strong nose
a: no special abilities


You were on level 2 of the Dungeon.
You were hungry.

You visited 1 branch of the dungeon, and saw 2 of its levels.

You collected 66 gold pieces.

Inventory:

Hand Weapons
 a - a +0 war axe (weapon)
Missiles
 o - 8 poisoned needles
Armour
 b - a +0 scale mail (worn)
 c - a +0 shield (worn)
 j - a +0 helmet (worn)
Jewellery
 e - a ring of resist corrosion (left hand)
 n - a cursed -4 ring of intelligence {unknown}
Scrolls
 h - a scroll of enchant armour {unknown}
 i - a scroll of blinking {unknown}
 k - 2 scrolls of amnesia {unknown}
 l - a scroll of teleportation {unknown}
Potions
 d - 2 potions of might
 m - 2 potions of haste {unknown}
Comestibles
 f - 3 rations


   Skills:
 + Level 6.5 Fighting
 + Level 0.7 Short Blades
 + Level 0.7 Long Blades
 + Level 4.5 Axes
 + Level 0.7 Maces & Flails
 + Level 0.7 Polearms
 + Level 0.7 Staves
 + Level 0.7 Slings
 + Level 0.7 Bows
 + Level 0.7 Crossbows
 + Level 0.7 Throwing
 + Level 6.5 Armour
 + Level 0.7 Dodging
 + Level 0.7 Stealth
 + Level 6.5 Shields
 + Level 0.7 Unarmed Combat
 + Level 0.7 Spellcasting
 + Level 0.5 Conjurations
 + Level 0.5 Hexes
 + Level 0.5 Charms
 + Level 0.5 Summonings
 + Level 0.5 Necromancy
 + Level 0.5 Translocations
 + Level 0.5 Transmutations
 + Level 0.5 Fire Magic
 + Level 0.5 Ice Magic
 + Level 0.5 Air Magic
 + Level 0.5 Earth Magic
 + Level 0.5 Poison Magic
 + Level 0.9 Invocations
 + Level 0.7 Evocations


You had 3 spell levels left.
You didn't know any spells.

Dungeon Overview and Level Annotations

Branches:
Dungeon (2/15)

Altars:


Innate Abilities, Weirdness & Mutations

Your experience applies equally to all skills.
You have very sharp teeth.
Your uncanny sense of smell can sniff out nearby items.


Message History

You climb downwards.
You block the hobgoblin's attack.
The orc warrior hits you with a halberd.
There is a stone staircase leading up, spattered with blood here.
You see here a club.
You hit the orc warrior.
The orc warrior is lightly wounded.
You closely miss the hobgoblin. You block the hobgoblin's attack.
The orc warrior hits you with a halberd.
You completely miss the orc warrior.
The orc warrior is lightly wounded.
You hit the hobgoblin. The hobgoblin closely misses you.
The orc warrior hits you with a halberd!
You block the hobgoblin's attack.
You slash the orc warrior!
The orc warrior is heavily wounded.
You slash the hobgoblin!
You kill the hobgoblin!
The orc warrior hits you with a halberd!!
Ouch! That really hurt!
You die...

#...# .### ∆
#..##..... #∆
#g....#
##.######o..###.#
.................
.#..#.#o..######.
........###
..###..<######
#..oo@)..##
#..#####..### ∆
#... ##...##
....# ###.<#
##..# ##.# #..
#...∆ #.( #####


You could see an orc warrior and an orc.

Vanquished Creatures
  An adder (D:1)
  A leopard gecko (D:1)
  3 giant cockroaches (D:1)
  2 goblins (D:1)
  2 hobgoblins (D:2)
  2 jackals (D:1)
  6 kobolds (D:1)
  2 bats (D:1)
  A frilled lizard (D:1)
  3 rats (D:1)
23 creatures vanquished.

Notes
Turn   | Place    | Note
-------+----------+-------------------------------------------
     0 | D:1      | KleinerIrrer the Gnoll Fighter began the quest for the Orb.
     0 | D:1      | Reached XP level 1. HP: 23/23 MP: 1/1
   141 | D:1      | Reached XP level 2. HP: 29/29 MP: 2/2
   671 | D:2      | Reached XP level 3. HP: 35/35 MP: 3/3
   678 | D:2      | Noticed an orc warrior
  1060 | D:2      | Mangled by an orc warrior

Action                   || total
-------------------------++-------
Melee: War axe           ||    62
       Bite              ||     4
Armor: Scale mail        ||    38
Dodge: Dodged            ||    24
Block: Shield            ||    48
